 Dungeon Crawl Stone Soup version 0.31-a0-261-g072fdb8a1f (webtiles) character file.

Game seed: 11061844488680037970

128 qw the Shooter (level 5, -10/30 HPs)
             Began as a Gargoyle Hexslinger on July 13, 2023.
             Mangled by an ogre
             ... wielding a +0 giant club
              (16 damage)
             ... on level 4 of the Dungeon.
             The game lasted 00:01:00 (2023 turns).

qw the Shooter (Gargoyle Hexslinger)                Turns: 2023, Time: 00:01:00

Health: -10/30     AC:  9    Str: 12    XL:     5   Next: 12%
Magic:  0/6        EV: 10    Int: 13    God:
Gold:   51         SH:  0    Dex: 14    Spells: 5/6 levels left

rFire   . . .        Y - +2 sling
rCold   . . .        (no shield)
rNeg    + . .        i - +0 ring mail
rPois   inf          (no helmet)
rElec   +            (no cloak)
rCorr   .            (no gloves)
SInv    .            (no boots)
Will    .....        j - amulet of guardian spirit
Stlth   +            (no ring)
HPRegen 0.25/turn    (no ring)
MPRegen 0.10/turn

%: guardian spirit
@: no status effects
A: sickness immunity, AC +4, negative energy resistance 1, electricity
resistance, torment resistance 1, petrification resistance
a: no special abilities


You were on level 4 of the Dungeon.
You visited 1 branch of the dungeon, and saw 4 of its levels.

You collected 118 gold pieces.
You spent 67 gold pieces at shops.


Innate Abilities, Weirdness & Mutations

You are immune to sickness and miasma.
Your stone body is resilient. (AC +4)
You are immune to poison.
You resist negative energy. (rN+)
You are resistant to electric shocks. (rElec)
You are resistant to unholy torment.
You are immune to petrification.


   Skills:
 - Level 2.0 Fighting
 + Level 4.7 Ranged Weapons
 - Level 1.0 Armour
 - Level 1.5 Dodging
 - Level 1.0 Spellcasting
 - Level 2.6 Hexes


You had 5 spell levels left.
You knew the following spells:

 Your Spells              Type           Power      Damage    Failure   Level
a - Slow                  Hex            28%        N/A       22%         1

Your spell library contained the following spells:

 Spells                   Type           Power      Damage    Failure   Level
 Inner Flame              Hex/Fire       4%         N/A       73%         3
 Portal Projectile        Hex/Tloc       8%         N/A       73%         3
 Cause Fear               Hex            3%         N/A       91%         4

Inventory:

Hand Weapons
 Y - a +2 sling (weapon)
Armour
 i - a +0 ring mail (worn)
Jewellery
 a - the amulet of Elemental Vulnerability {rPois rF-- rC-- AC+8}
   (You found it on level 3 of the Dungeon)

   [amulet of nothing]

   AC:        It affects your AC (+8).
   rF:        It makes you very vulnerable to fire.
   rC:        It makes you very vulnerable to cold.
   rPois:     It protects you from poison.
 j - an amulet of guardian spirit (around neck)
Scrolls
 l - a scroll of identify
Potions
 e - a potion of cancellation {unknown}
 h - 2 potions of curing

Dungeon Overview and Level Annotations

Branches:
Dungeon (4/15)
 Temple: D:4-7

Altars:
Yredelemnul

Shops:
D:2 ?   D:3 *


Message History

1974 ||| DROPPING scroll of fear.
You drop a scroll of fear.
1975 ||| DROPPING potion of invisibility.
You drop a potion of invisibility.
1976 ||| DROPPING potion of lignification.
You drop a potion of lignification.
You flicker for a moment.
(D) Dungeon
Where to? (* - list waypoints, Enter - D:3, ? - help)
What level of the Dungeon? (default 1, ? - help)
You flicker back into view.
There is a stone staircase leading down here.
You climb downwards.
There is a stone staircase leading up here.
Waypoint 3 assigned to D:4.
Found an escape hatch in the ceiling.
You feel a little less clever now.
There is an escape hatch in the ceiling here.
There is a stone staircase leading up here.
Found 2 poisoned darts.
An ogre comes into view. It is wielding a +0 giant club.
Found a stone staircase leading down.
The ogre shouts!
You hear an angry hiss.
You shoot a sling bullet. The sling bullet hits the ogre.
The ogre is lightly wounded.
The ogre hits you with a +0 giant club!!
Ouch! That really hurt!
You shoot a sling bullet. The sling bullet hits the ogre.
The ogre is moderately wounded.
The ogre hits you but does no damage.
You shoot a sling bullet.
The sling bullet barely misses the ogre.
The ogre closely misses you.
You shoot a sling bullet.
The sling bullet hits the ogre but does no damage.
The ogre is moderately wounded.
You shoot a sling bullet. The sling bullet hits the ogre!
The ogre is heavily wounded.
The ogre hits you with a +0 giant club!
Ouch! That really hurt!
You die...

#+# ######.# ##
#.<..#.# .. #
#.##.#.# .####.#
#.#.<#.# >....
#.#..#.# ...
#.#..#.##O####.#
#.#..#..@......#
#.#......(...###
#.#..........#
#######.#### ...
####


You could see an ogre.

Vanquished Creatures
  6 adders
  A worm (D:3)
  2 dart slugs (D:2)
  6 ball pythons
  10 bats
  3 endoplasms (D:3)
  5 giant cockroaches
  3 goblins
  9 hobgoblins
  8 kobolds
  2 quokkas (D:1)
  2 frilled lizards
  8 rats
65 creatures vanquished.

Notes
Turn   | Place    | Note
-------+----------+-------------------------------------------
     0 | D:1      | qw the Gargoyle Hexslinger began the quest for the Orb.
     0 | D:1      | Reached XP level 1. HP: 12/12 MP: 2/2
     0 | D:1      | 0 ||| qw: Version: 0.3-a-52-g30416fa
     0 | D:1      | 0 ||| qw: Game counter: 6990
     0 | D:1      | 0 ||| qw: Melee chars always use a shield: true
     0 | D:1      | 0 ||| qw: God list: Okawaru
     0 | D:1      | 0 ||| qw: Allow faded altars: false
     0 | D:1      | 0 ||| qw: Do Orc after clearing Dungeon:15 true
     0 | D:1      | 0 ||| qw: Do second Lair branch before Depths: true
     0 | D:1      | 0 ||| qw: Lair rune preference: random
     0 | D:1      | 0 ||| qw: Goals: Normal
     0 | D:1      | 0 ||| PLANNING D:1-11
    71 | D:1      | Reached XP level 2. HP: 16/16 MP: 3/3
   122 | D:1      | Reached skill level 3 in Ranged Weapons
   198 | D:1      | Reached XP level 3. HP: 20/21 MP: 4/4
   256 | D:1      | You fall into a shaft and drop 1 floor!
   386 | D:2      | Found Nesuklo Ceumn's Magic Scroll Boutique.
   390 | D:2      | 390 ||| SHOPLISTING scroll of enchant armour (105 gold,
                  | have 28).
   390 | D:2      | 390 ||| BUYING scroll of identify (28 gold).
   390 | D:2      | Bought a scroll of identify for 28 gold pieces
   390 | D:2      | 390 ||| SHOPLISTING scroll of identify (28 gold, have 0).
   514 | D:2      | Reached XP level 4. HP: 13/26 MP: 5/5
   677 | D:2      | Reached skill level 4 in Ranged Weapons
   721 | D:2      | 721 ||| UPGRADING to +0 ring mail.
   731 | D:2      | 731 ||| DROPPING +0 robe.
   732 | D:2      | 732 ||| UPGRADING to amulet of guardian spirit.
   737 | D:2      | 737 ||| READING scroll labelled ERAEBO ETUMP.
   738 | D:2      | 738 ||| READING scroll labelled DOSIUPSAWNELU.
   739 | D:2      | 739 ||| DRINKING 2 bubbling puce potions.
   740 | D:2      | 740 ||| READING 2 scrolls of identify.
   740 | D:2      | 740 ||| IDENTIFYING metallic purple potion
   741 | D:2      | 741 ||| DROPPING scroll of poison.
   742 | D:2      | 742 ||| DROPPING potion of magic.
   944 | D:2      | 944 ||| FLEEEEING.
   945 | D:2      | 945 ||| FLEEEEING.
   946 | D:2      | 946 ||| FLEEEEING.
  1109 | D:2      | 1109 ||| READING scroll labelled SUZUQIOQOE.
  1267 | D:3      | Reached skill level 1 in Armour
  1267 | D:3      | Identified the +4 short sword of Contention {venom, +Blink
                  | rPois Will- Str+4}
  1333 | D:3      | Found the amulet of Elemental Vulnerability {rPois rF--
                  | rC-- AC+8}
  1404 | D:3      | Found Xybbaiw's General Store.
  1412 | D:3      | 1412 ||| SHOPLISTING +1 heavy arbalest (196 gold, have 68).
  1412 | D:3      | 1412 ||| BUYING potion of curing (39 gold).
  1412 | D:3      | Bought a potion of curing for 39 gold pieces
  1538 | D:3      | Found a faded altar of an unknown god.
  1540 | D:3      | Reached XP level 5. HP: 30/30 MP: 6/6
  1543 | D:3      | Found a basalt altar of Yredelemnul.
  1910 | D:3      | 1910 ||| READING 2 scrolls labelled SOAPONL DONEDI.
  1911 | D:3      | 1911 ||| READING scroll labelled DONWULISUL.
  1931 | D:3      | 1931 ||| READING scroll labelled DYGONEU UKKOI.
  1934 | D:3      | 1934 ||| DRINKING 2 glowing purple potions.
  1935 | D:3      | 1935 ||| DRINKING 2 silvery potions.
  1936 | D:3      | 1936 ||| DRINKING 2 glowing sapphire potions.
  1973 | D:3      | 1973 ||| DROPPING potion of brilliance.
  1974 | D:3      | 1974 ||| DROPPING scroll of fear.
  1975 | D:3      | 1975 ||| DROPPING potion of invisibility.
  1976 | D:3      | 1976 ||| DROPPING potion of lignification.
  2018 | D:4      | Noticed an ogre
  2019 | D:4      | HP: 5/30 [ogre/+0 giant club (25)]
  2023 | D:4      | Mangled by an ogre

Levels and vault maps discovered:
D:1:      wander_arrival_fairy_ring, layout_rooms
D:2:      layout_basic, serial_shops, shop
D:3:      layout_basic, nicolae_overflow_ecumenical_swirl, serial_shops,
          nicolae_shop_back_alley_shop, minmay_increasing_density
D:4:      layout_basic, mainiacjoe_overflow_catch_the_wave, tgw_fedhas,
          nrook_campfire

Skill      XL: |  1  2  3  4 |
---------------+-------------+-----
Ranged Weapons | 3 4 |  4.7
Fighting       | 2 |  2.0
Armour         | 1 |  1.0
Dodging        | |  1.5
Spellcasting   | |  1.0
Hexes          | |  2.6

Action                     |  1- 3 |  4- 6 || total
---------------------------+-------+-------++-------
   Fire: Sling             |   106 |   127 ||   233
    Use: Scroll            |       |     7 ||     7
         Potion            |       |     4 ||     4
 Armour: Robe              |    25 |     4 ||    29
         Ring mail         |       |    12 ||    12
  Dodge: Dodged            |    49 |    33 ||    82

Table legend:
 A = Non-vault XP
 B = Vault XP
 C = Vault XP percentage of total XP
 D = Non-vault monster count
 E = Vault monster count
 F = Vault count percentage of total count
                 A         B        C        D         E       F
            +---------+---------+-------+---------+---------+-------
      Total |     173 |      11 |   6.0 |      59 |       6 |   9.2
            +---------+---------+-------+---------+---------+-------
        D:1 |      42 |       0 |   0.0 |      27 |       0 |   0.0
        D:2 |      74 |       0 |   0.0 |      14 |       0 |   0.0
        D:3 |      57 |      11 |  16.2 |      18 |       6 |  25.0
            +---------+---------+-------+---------+---------+-------
